 Dungeon Crawl Stone Soup version 0.25-a0-460-g4f2eb97ec1 (webtiles) character file.

Game seed: 1650965868596059770, levelgen mode: deterministic

130 Elellon the Conjurer (level 4, 0/24 HPs)
             Began as a Deep Elf Conjurer on Feb 3, 2020.
             Killed from afar by a gnoll (7 damage)
             ... with a puff of flame
             ... on level 3 of the Dungeon.
             The game lasted 00:03:05 (3186 turns).

Elellon the Conjurer (Deep Elf Conjurer)            Turns: 3186, Time: 00:03:06

Health: 0/24       AC:  6    Str:  6    XL:     4   Next: 90%
Magic:  0/13       EV: 12    Int: 20    God:
Gold:   106        SH:  0    Dex: 15    Spells: 12/13 levels left

rFire    . . .     SeeInvis .   (no weapon)
rCold    . . .     Gourm    .   (no shield)
rNeg     . . .     Faith    .   n - +3 leather armour
rPois    .         Spirit   .   (no helmet)
rElec    .         Reflect  .   (no cloak)
rCorr    .         Harm     .   (no gloves)
MR       .....                  (no boots)
Stlth    ++........             (no amulet)
HPRegen  0.08/turn              (no ring)
MPRegen  0.13/turn              (no ring)

@: no status effects
A: no striking features
a: no special abilities


You were on level 3 of the Dungeon.
You were not hungry.

You visited 1 branch of the dungeon, and saw 3 of its levels.

You collected 106 gold pieces.

Inventory:

Armour
 a - a +0 robe
 n - a +3 leather armour (worn)
Jewellery
 l - an uncursed ring of protection from fire {unknown}
Scrolls
 d - a scroll of fog {unknown}
 e - a scroll of immolation {unknown}
 f - a scroll of teleportation {unknown}
 h - 4 scrolls of identify {unknown}
 j - 2 scrolls of remove curse {unknown}
Potions
 b - 2 potions of curing {unknown}
 g - 2 potions of flight {unknown}
 i - a potion of lignification {unknown}
 m - a potion of magic {unknown}
Comestibles
 c - 4 rations
 k - 3 chunks of flesh


   Skills:
 - Level 2.4 Dodging
 - Level 2.4 Stealth
 + Level 5.3 Spellcasting
 + Level 5.8 Conjurations


You had 12 spell levels left.
You knew the following spells:

 Your Spells              Type           Power        Failure   Level  Hunger
a - Magic Dart            Conj           ####         1%          1    None

Your spell library contained the following spells:

 Spells                   Type           Power        Failure   Level  Hunger
 Searing Ray              Conj           ####..       2%          2    None
 Dazzling Flash           Conj/Hex       ###...       16%         3    ##.....
 Fulminant Prism          Conj/Hex       ###.......   47%         4    ####...
 Iskenderun's Mystic Bla  Conj/Tloc      ###.....     47%         4    ####...


Dungeon Overview and Level Annotations

Branches:
Dungeon (3/15)

Altars:


Message History

Aiming: Magic Dart (safe; 1% risk of failure)
Press: ? - help, Shift-Dir - straight line, f/p - gnoll
Aim: a gnoll, carrying a wand of flame (14) (severely wounded)
The magic dart hits the gnoll but does no damage.
The gnoll is severely wounded.
The gnoll zaps a wand.
The puff of flame hits you.
* * * LOW HITPOINT WARNING * * *
Casting: Magic Dart (safe; 1% risk of failure)
Confirm with . or Enter, or press ? or * to list all spells.
Aiming: Magic Dart (safe; 1% risk of failure)
Press: ? - help, Shift-Dir - straight line, f/p - gnoll
Aim: a gnoll, carrying a wand of flame (13) (severely wounded)
The magic dart hits the gnoll but does no damage.
The gnoll is severely wounded.
Casting: Magic Dart (safe; 1% risk of failure)
Confirm with . or Enter, or press ? or * to list all spells.
You don't have enough magic to cast that spell.
The gnoll zaps a wand.
The puff of flame misses you.
The gnoll zaps a wand.
The puff of flame hits you!
You die...

##[.....>.
#.g.###### #.#.#
#.#.# #.#.# #.#.#
#.#.#########>#.#
#...............#
#@#######.....###
#.# #.##### #.#
#.# #.# #.# #.#
#.# #.# #.. #.#
### #.# #รท#


You could see a gnoll.

Vanquished Creatures
  2 adders
  3 gnolls (D:3)
  An ooze (D:2)
  6 dart slugs
  3 leopard geckos
  5 orcs
  4 giant cockroaches
  4 hobgoblins
  6 jackals (D:2)
  5 kobolds
  A quokka (D:3)
  A ball python (D:1)
  3 bats
  8 frilled lizards
  7 goblins
  2 rats
61 creatures vanquished.

Notes
Turn   | Place    | Note
-------+----------+-------------------------------------------
     0 | D:1      | Elellon the Deep Elf Conjurer began the quest for the Orb.
     0 | D:1      | Reached XP level 1. HP: 10/10 MP: 6/6
    93 | D:1      | Reached XP level 2. HP: 5/15 MP: 0/8
  1379 | D:2      | Reached skill level 5 in Conjurations
  1379 | D:2      | Reached XP level 3. HP: 19/19 MP: 3/10
  2219 | D:2      | Reached XP level 4. HP: 24/24 MP: 6/12
  2919 | D:3      | Reached skill level 5 in Spellcasting
  3186 | D:3      | Killed from afar by a gnoll

Levels and vault maps discovered:
D:1:      lightli_arrival_farm, layout_basic
D:2:      layout_basic
D:3:      layout_loops_ring, nemelex_xobeh_ov_fountains_minmay, uniq_sigmund,
          uniq_crazy_yiuf_cottage

Skill      XL: |  1  2  3  4 |
---------------+-------------+-----
Spellcasting   | 4 5 |  5.3
Conjurations   | 5 |  5.8
Dodging        | |  2.4
Stealth        | |  2.4

Action                   |  1- 3 |  4- 6 || total
-------------------------+-------+-------++-------
 Cast: Magic Dart        |    82 |    62 ||   144
  Eat: Chunk             |     4 |     3 ||     7
Armor: Robe              |     1 |     2 ||     3
Dodge: Dodged            |     9 |    12 ||    21

Table legend:
 A = Non-vault XP
 B = Vault XP
 C = Vault XP percentage of total XP
 D = Non-vault monster count
 E = Vault monster count
 F = Vault count percentage of total count
                 A         B        C        D         E       F
            +---------+---------+-------+---------+---------+-------
      Total |     187 |       0 |   0.0 |      61 |       0 |   0.0
            +---------+---------+-------+---------+---------+-------
        D:1 |      38 |       0 |   0.0 |      18 |       0 |   0.0
        D:2 |      69 |       0 |   0.0 |      28 |       0 |   0.0
        D:3 |      80 |       0 |   0.0 |      15 |       0 |   0.0
            +---------+---------+-------+---------+---------+-------
